[Event "44th Chess Olympiad Open 2022"]
[Site "Chennai"]
[Date "2022.08.08"]
[Round "10.31"]
[White "Ribbegren, Karl Johan"]
[Black "Zacarias, M Ruben D"]
[Result "0-1"]
[WhiteElo "2198"]
[BlackElo "2175"]
[Annotator "NA RC"]
[PlyCount "69"]
[EventDate "2022.??.??"]
[TimeControl "60"]

1. Nf3 Nf6 2. g3 g6 3. Bg2 Bg7 4. O-O O-O 5. c4 d6 6. Nc3 e5 7. Rb1 a5 8. a3 h6 9. d3 Re8 10. b4 axb4 11. axb4 c6 12. b5 d5 13. bxc6 bxc6 14. cxd5 cxd5 15. Bd2 Ba6 16. Qc1 Kh7 17. Nb5 Bxb5 18. Rxb5 Qd7 19. Qb1 Nc6 20. Rc1 e4 21. Ne1 Nd4 22. Rb7 Qe6 23. Rcc7 Kg8 24. e3 Nf5 25. Rb6 Qe5 26. Qc2 d4 27. Qc4 Rf8 28. Bb4 dxe3 29. dxe4 exf2+ 30. Kxf2 Ng4+ 31. Ke2 Nfe3 32. Qc1 Ra2+ 33. Bd2 Nxg2 34. Kf3 Nxe1+ 35. Bxe1 0-1

[Event "44th Chess Olympiad Open 2022"]
[Site "Chennai"]
[Date "2022.08.08"]
[Round "10.32"]
[White "Meier, Georg"]
[Black "Al-Zendani, Zendan"]
[Result "1-0"]
[WhiteElo "2613"]
[BlackElo "2284"]
[Annotator "RC"]
[PlyCount "71"]
[EventDate "2022.??.??"]
[TimeControl "60"]

1. d4 Nf6 2. Nf3 e6 3. g3 d5 4. c4 Be7 5. Bg2 O-O 6. Nc3 dxc4 7. Ne5 a6 8. O-O Nd5 9. Nxc4 Nc6 10. e4 Nxc3 11. bxc3 b5 12. Ne3 Na5 13. Qe2 c5 14. Rd1 cxd4 15. cxd4 Bb7 16. Bb2 Bg5 17. f4 Bf6 18. e5 Bxg2 19. Kxg2 Be7 20. d5 Qd7 21. Bc3 b4 22. Be1 Bc5 23. Rac1 Rfc8 24. d6 Nb7 25. Nf1 a5 26. Nd2 a4 27. Ne4 b3 28. axb3 axb3 29. Kh3 Ba3 30. Rb1 b2 31. Bc3 f5 32. exf6 e5+ 33.
Kg2 Ra4 34. Bxe5 Qc6 35. Qg4 Qxe4+ 36. Kh3 1-0

[Event "44th Chess Olympiad Open 2022"]
[Site "Chennai"]
[Date "2022.08.08"]
[Round "10.32"]
[White "Vazquez Facundo"]
[Black "Al Harazy, Khalid"]
[Result "1-0"]
[WhiteElo "2336"]
[BlackElo "2149"]
[Annotator "RC"]
[PlyCount "47"]
[EventDate "2022.??.??"]
[TimeControl "60"]

1. d4 d5 2. c4 e5 3. dxe5 d4 4. Nf3 Nc6 5. a3 Bg4 6. Nbd2 Nge7 7. Nb3 Bxf3 8. exf3 Ng6 9. f4 a5 10. g3 a4 11. Nd2 Bc5 12. Bd3 Qe7 13.
Ne4 O-O 14. O-O Ra6 15. Qh5 Nd8 16. f5 Re8 17. fxg6 fxg6 18. Qg5 Qxe5 19. Qxe5 Rxe5 20. f4 Rh5 21. g4 Rh3 22. Nxc5 Rc6 23.
Kg2 Rh4 24. Kg3 1-0

[Event "44th Chess Olympiad Open 2022"]
[Site "Chennai"]
[Date "2022.08.08"]
[Round "10.32"]
[White "Al-Aqrabi, Saleh"]
[Black "Hoffman, Alejandro"]
[Result "0-1"]
[WhiteElo "2172"]
[BlackElo "2390"]
[Annotator "RC"]
[PlyCount "60"]
[EventDate "2022.??.??"]
[TimeControl "60"]

1. d4 g6 2. c3 Bg7 3. Bf4 d6 4. e3 Nd7 5. Nf3 e5 6. dxe5 dxe5 7. Bg3 Nh6 8.
h3 O-O 9. Nbd2 Qe7 10. Qc2 Nf5 11. Bh2 Nd6 12. Be2 Nc5 13. O-O Bf5 14. Qd1 Rfd8 15. b4 Nce4 16. Qb3 c5 17. Nxe4 Nxe4 18. Rad1 Rdc8 19. Nd2 cxb4 20. cxb4 Nc3 21. Rde1 Bc2 22. Qb2 e4 23. Qa3 Nxe2+ 24. Rxe2 Bd3 25. Ree1 a5 26. Rc1 Bxf1 27. Rxf1 Qxb4 28. Qxb4 axb4 29. Bd6 Rxa2 30. Bxb4 Rb2 0-1

[Event "44th Chess Olympiad Open 2022"]
[Site "Chennai"]
[Date "2022.08.08"]
[Round "10.32"]
[White "Al-Subaihi, Khalil"]
[Black "Roselli Mailhe, Bernardo"]
[Result "0-1"]
[WhiteElo "2141"]
[BlackElo "2413"]
[Annotator "RC"]
[PlyCount "134"]
[EventDate "2022.??.??"]
[TimeControl "60"]

1. e4 c5 2. Nf3 e6 3. d4 cxd4 4. Nxd4 Nf6 5. Nc3 Nc6 6. Ndb5 Bb4 7. a3 Bxc3+ 8. Nxc3 d5 9. exd5 exd5 10. Bg5 O-O 11. Be2 Bf5 12. O-O d4 13. Na2 h6 14. Bh4 Qd6 15. Bd3 Ng4 16. Bg3 Qg6 17. Bxf5 Qxf5 18. Nb4 Rfd8 19. Nd3 Rac8 20. Re1 Nf6 21. Qd2 Ne4 22. Qf4 Qxf4 23. Bxf4 Nf6 24. Rac1 Na5 25. Be5 Ng4 26. Bf4 Kf8 27. Bd2 Nc6 28. h3 Nf6 29. Nb4 Ne7 30. Nd3 Ned5 31. Re2 Rd7 32. Kf1 Rdc7 33. Be1 b6 34. g3 a5 35. Kg2 Ne7 36. Ne5 Nf5 37. g4 Nd6 38.
Rd2 Rc5 39. Nf3 Nde4 40. Rxd4 Rxc2 41. Rd8+ Rxd8 42. Rxc2 Rd3 43. Nd2 Ng5 44. Nc4 Nxh3 45. Ne3 Nf4+ 46. Kf3 Ne6 47. Rc8+ Rd8 48. Rxd8+ Nxd8 49. Nc4 Nd7 50. Ke4 Ke7 51. Bc3 g6 52. f4 h5 53. gxh5 gxh5 54. f5 Nb7 55. Bd4 Nd6+ 56. Nxd6 Kxd6 57. Kf4 Kd5 58. Bc3 f6 59. Be1 a4 60. Bf2 b5 61. Be1 Kd4 62. Bh4 Kd3 63.
Be1 Nb6 64. Bh4 Nd5+ 65. Kf3 Ne3 66. Bxf6 Nxf5 67. Kf4 Nd6 0-1

[Event "44th Chess Olympiad Open 2022"]
[Site "Chennai"]
[Date "2022.08.08"]
[Round "10.33"]
[White "Barcenilla, Rogelio"]
[Black "Lorenzana, Wilson Estuardo"]
[Result "1-0"]
[WhiteElo "2463"]
[BlackElo "2182"]
[Annotator "RC"]
[PlyCount "121"]
[EventDate "2022.??.??"]
[TimeControl "60"]

1. c4 Nf6 2. Nc3 g6 3. g3 Bg7 4. Bg2 O-O 5. e4 e5 6. Nge2 Nc6 7. O-O d6 8. d3 Nd7 9. Nd5 a5 10. Be3 Nd4 11. f4 c6 12. Ndc3 f5 13.
Qd2 Nc5 14. exf5 Bxf5 15. Ne4 Nce6 16. Nxd4 exd4 17. Bf2 Nc5 18. Nxc5 dxc5 19. h3 h5 20. Rfe1 Qd7 21. h4 Kh7 22. Re2 Bf6 23. Rae1 a4 24. Kh2 Kg7 25. Rb1 Ra7 26. Rc1 Rc8 27. Be4 Bg4 28. Ree1 b5 29. Rc2 Qd6 30. b3 b4 31. Rb2 axb3 32. axb3 Rca8 33. Reb1 Ra6 34. Be1 R8a7 35. Qg2 Re7 36. Bd2 Bf5 37. Re1 Bg4 38.
Bc1 Ra1 39. Ra2 Ra7 40. Rxa7+ Rxa7 41. Bxc6 Re7 42. Be4 Ra7 43. Kg1 Qa6 44. f5 gxf5 45. Bd5 Re7 46. Qf2 Qd6 47. Bf4 Rxe1+ 48. Qxe1 Qe7 49. Qa1 Kg6 50. Qa8 Qe1+ 51. Kh2 Qe2+ 52. Bg2 Kg7 53. Bd6 Kh7 54. Qd5 Kg7 55. Qa8 Kh7 56. Qc6 Kg7 57. Bxc5 Kf7 58. Qd5+ Ke8 59. Qa8+ Kf7 60. Qf8+ Kg6 61. Qg8+ 1-0

[Event "44th Chess Olympiad Open 2022"]
[Site "Chennai"]
[Date "2022.08.08"]
[Round "10.33"]
[White "Laylo, Darwin"]
[Black "Giron Chavez David Emanuel"]
[Result "1-0"]
[WhiteElo "2432"]
[BlackElo "2115"]
[Annotator "RC"]
[PlyCount "155"]
[EventDate "2022.??.??"]
[TimeControl "60"]

1. c4 Nf6 2. Nc3 e5 3. g3 Bb4 4. Bg2 O-O 5. e4 Nc6 6. Nge2 d6 7. O-O Bc5 8. d3 h6 9. h3 Nd4 10. Kh2 c6 11. Nxd4 Bxd4 12. Ne2 Bc5 13.
d4 exd4 14. Nxd4 Re8 15. Nb3 Qb6 16. Qc2 Be6 17. Bf4 Rad8 18.
Rac1 a5 19. Nxc5 Qxc5 20. Be3 Qh5 21. Bb6 Rd7 22. Bd4 Ng4+ 23.
Kg1 Ne5 24. g4 Qh4 25. f4 Bxc4 26. fxe5 Bxf1 27. Rxf1 dxe5 28. Bc3 Qd8 29. Qa4 b5 30. Qxa5 Qxa5 31. Bxa5 Ra7 32. b4 Re6 33. Rc1 Rd7 34. Rc2 Rd4 35. Kf2 Red6 36. Ke2 f6 37. Bb6 Rc4 38. Rb2 Rc1 39. Be3 Ra1 40. Rc2 Rd8 41. Bd2 Rd6 42. h4 g5 43. h5 Kf7 44. Bf3 Ke8 45.
Be3 Rd8 46. Kf2 Ra8 47. Rxc6 R8xa2+ 48. Kg3 Ra3 49. Bb6 Kf7 50. Rc7+ Kg8 51. Rc2 Rb3 52. Bc5 Raa3 53. Rf2 Kf7 54. Kg2 Ke6 55. Be2 Rg3+ 56. Kh2 Rh3+ 57. Kg1 Rhg3+ 58. Rg2 Rxg2+ 59. Kxg2 Ra2 60. Kf3 Ra3+ 61. Kf2 Ra2 62. Ke3 Ra3+ 63. Bd3 Kd7 64. Kd2 Kc6 65. Bf8 Ra2+ 66. Bc2 Kd7 67. Bxh6 Ke7 68. Bg7 Kf7 69. h6 Ra3 70. Bd3 Rb3 71. Bxb5 Rxb4 72. Be8+ Kg8 73. Bxf6 Kh7 74. Bxg5 Rxe4 75. Bh5 Ra4 76. Be3 e4 77. g5 Ra2+ 78. Kc3 1-0

[Event "44th Chess Olympiad Open 2022"]
[Site "Chennai"]
[Date "2022.08.08"]
[Round "10.33"]
[White "Juarez Flores, Carlos A."]
[Black "Paragua, Mark"]
[Result "0-1"]
[WhiteElo "2335"]
[BlackElo "2461"]
[Annotator "RC"]
[PlyCount "64"]
[EventDate "2022.??.??"]
[TimeControl "60"]

1. d4 d5 2. c4 c6 3. Nf3 Nf6 4. e3 Bf5 5. Qb3 Qb6 6. Nc3 e6 7. c5 Qc7 8. Nh4 Bg6 9. Nxg6 hxg6 10. h3 Nbd7 11. Bd2 Be7 12. Be2 g5 13. O-O-O b6 14. cxb6 axb6 15. Kb1 b5 16. Rc1 Qa7 17. Bxb5 Rb8 18. Rc2 Qa8 19. Nxd5 cxd5 20. f3 O-O 21. Qd3 Nb6 22. Rc7 Nc4 23. Bxc4 Bd6 24. Bxd5 Nxd5 25. Rc2 Bb4 26. e4 Nf4 27. Bxf4 gxf4 28. Rhc1 Rfd8 29. Qc4 Be7 30. Rd1 Qa7 31. Qc7 Rb7 32. Qxf4 Ra8 0-1

[Event "44th Chess Olympiad Open 2022"]
[Site "Chennai"]
[Date "2022.08.08"]
[Round "10.33"]
[White "Galvez Dastin, Eduardo"]
[Black "Gomez, John Paul"]
[Result "0-1"]
[WhiteElo "2152"]
[BlackElo "2451"]
[Annotator "RC"]
[PlyCount "66"]
[EventDate "2022.??.??"]
[TimeControl "60"]

1. d4 d5 2. c4 c6 3. Nf3 Nf6 4. Nc3 dxc4 5. a4 Bf5 6. Nh4 Bc8 7. e3 e5 8. Bxc4 exd4 9. exd4 Be7 10. O-O O-O 11. Nf3 Na6 12. Ne5 Nb4 13.
Qb3 Nfd5 14. Ne4 Bf5 15. Re1 Kh8 16. a5 f6 17. Nf3 b5 18.
Bf1 Bg4 19. Be2 Bf5 20. Bf1 g5 21. Bd2 g4 22. Nh4 Bxe4 23.
Rxe4 f5 24. Re6 Bxh4 25. Bxb4 Nxb4 26. Qxb4 Bf6 27. Rxc6 Qxd4 28. Qxb5 Rab8 29. Qc5 f4 30. Ra3 Qxc5 31. Rxc5 Be7 32. Rc7 Bxa3 33. bxa3 Rb1 0-1

[Event "44th Chess Olympiad Open 2022"]
[Site "Chennai"]
[Date "2022.08.08"]
[Round "10.34"]
[White "Nyysti, Sampsa"]
[Black "Okas, Walter"]
[Result "1/2-1/2"]
[WhiteElo "2363"]
[BlackElo "2191"]
[Annotator "RC"]
[PlyCount "99"]
[EventDate "2022.??.??"]
[TimeControl "60"]

1. e4 c6 2. d4 d5 3. e5 Bf5 4. c4 e6 5. Nc3 Nd7 6. Nf3 Bb4 7. Qb3 Bxc3+ 8.
bxc3 Qb6 9. Be2 Ne7 10. Qa3 h6 11. O-O Qc7 12. Be3 Nb6 13.
cxd5 cxd5 14. Bb5+ Nc6 15. Nh4 Be4 16. f3 Bh7 17. f4 a6 18.
Bxc6+ Qxc6 19. f5 Nc4 20. Qc1 exf5 21. Nxf5 Bxf5 22. Rxf5 Qe6 23. Rf3 O-O 24. Bf2 f6 25. exf6 Rxf6 26. Rxf6 Qxf6 27. Qe1 Rf8 28. Bg3 Qf5 29. Qe2 Rf7 30. Re1 Kh7 31. h3 Rf6 32. Kh2 Rb6 33.
Rf1 Qg6 34. Rf8 Rb2 35. Qe7 Qc2 36. Bf2 Qe4 37. Qd8 Rxa2 38.
Qb8 Rb2 39. Rh8+ Kg6 40. Qg3+ Kf7 41. Rc8 g5 42. Kh1 Qf4 43. Qd3 Qe4 44. Qg3 Rb1+ 45. Bg1 Qe3 46. Qc7+ Kg6 47. Rg8+ Kh5 48. Rxg5+ Qxg5 49. Qf7+ Kh4 50. Qf2+ 1/2-1/2

[Event "44th Chess Olympiad Open 2022"]
[Site "Chennai"]
[Date "2022.08.08"]
[Round "10.34"]
[White "Kawuma, Patrick"]
[Black "Sipila, Vilka"]
[Result "0-1"]
[WhiteElo "2270"]
[BlackElo "2416"]
[Annotator "RC"]
[PlyCount "60"]
[EventDate "2022.??.??"]
[TimeControl "60"]

1. c4 e5 2. d3 g6 3. Nc3 Bg7 4. g3 Ne7 5. Bg2 O-O 6. e4 d6 7. Nge2 Be6 8.
Bg5 h6 9. Be3 Nbc6 10. Nd5 Nd4 11. Nxd4 exd4 12. Bd2 Nxd5 13. cxd5 Bd7 14. O-O c5 15. dxc6 bxc6 16. b4 c5 17. Qc1 Bb5 18. Bxh6 Bxh6 19. Qxh6 Bxd3 20. Rfd1 c4 21. Bf1 Bxf1 22. Rxd4 Be2 23. Re1 Bh5 24. e5 Re8 25. g4 Qh4 26. h3 Rxe5 27. Rxe5 dxe5 28. Rxc4 Qxh3 29. gxh5 Rd8 30. Qc1 Qf3 0-1

[Event "44th Chess Olympiad Open 2022"]
[Site "Chennai"]
[Date "2022.08.08"]
[Round "10.34"]
[White "Egesa emmanuel"]
[Black "Koykka, Pekka"]
[Result "0-1"]
[WhiteElo "2152"]
[BlackElo "2361"]
[Annotator "RC"]
[PlyCount "50"]
[EventDate "2022.??.??"]
[TimeControl "60"]

1. d4 Nf6 2. c4 e6 3. Nf3 c5 4. Nc3 cxd4 5. Nxd4 Bb4 6. Bd2 O-O 7. e3 Nc6 8. a3 Be7 9. Nf3 b6 10. Be2 Bb7 11. O-O Rc8 12. Rc1 a6 13.
Na4 d6 14. Qb3 Nd7 15. Rfd1 Qc7 16. Qa2 Nce5 17. Nxe5 Nxe5 18. b3 Bc6 19. Nb2 Qb7 20. Bf1 Bf3 21. Re1 Qe4 22. Bc3 Rc5 23. Na4 Bxg2 24. Nxc5 Nf3+ 25. Kxg2 Qg4+ 0-1

[Event "44th Chess Olympiad Open 2022"]
[Site "Chennai"]
[Date "2022.08.08"]
[Round "10.35"]
[White "Petkov, Momchil"]
[Black "Croad, Nicolas"]
[Result "1-0"]
[WhiteElo "2510"]
[BlackElo "2289"]
[Annotator "RC"]
[PlyCount "81"]
[EventDate "2022.??.??"]
[TimeControl "60"]

1. e4 e5 2. Nf3 Nc6 3. Bc4 Bc5 4. O-O Nf6 5. d3 d6 6. c3 a5 7. Bg5 h6 8. Bh4 Ba7 9. Nbd2 O-O 10. a4 Qe7 11. Re1 Be6 12. Ra3 Nb8 13.
d4 Nbd7 14. Bd3 c6 15. Nc4 Bxc4 16. Bxc4 Rfe8 17. Ba2 Nf8 18. Bg3 Ng6 19. Nh4 Nxh4 20. Bxh4 g5 21. Bg3 Kg7 22. Re3 h5 23. h4 g4 24. Bb1 Rg8 25.
Qd2 Nd7 26. f4 f6 27. Kh1 Rgd8 28. Re1 c5 29. Rb3 cxd4 30. Rxb7 Rdb8 31. Rxb8 Rxb8 32. Ba2 Nc5 33. cxd4 Nb3 34. Qd3 Nxd4 35. Qc4 Kh6 36. fxe5 fxe5 37. Rf1 Rf8 38. Rxf8 Qxf8 39. Qc1+ Kh7 40. Qc7+ Qg7 41. Qxd6 1-0

[Event "44th Chess Olympiad Open 2022"]
[Site "Chennai"]
[Date "2022.08.08"]
[Round "10.35"]
[White "Yordanov, Lachezar"]
[Black "Duneas, John"]
[Result "1-0"]
[WhiteElo "2316"]
[BlackElo "2031"]
[Annotator "RC"]
[PlyCount "149"]
[EventDate "2022.??.??"]
[TimeControl "60"]

1. c4 e6 2. d4 d5 3. Nc3 Nf6 4. Nf3 c6 5. e3 Nbd7 6. Qc2 Bd6 7. Be2 O-O 8. b3 e5 9. cxd5 cxd5 10. dxe5 Nxe5 11. Nd4 a6 12. h3 Bd7 13. O-O Rc8 14. Qb2 Bb4 15. Bd2 Qa5 16. Nb1 Nc6 17. Bxb4 Qxb4 18. Nf3 Bf5 19. Rd1 Rfd8 20. a3 Qb6 21. Nc3 Be4 22. Rac1 Na5 23. Nd4 Qd6 24. Nxe4 Nxe4 25. Rxc8 Rxc8 26. Nf5 Qf8 27. Rxd5 Nc6 28. Rd7 Nc5 29. Rd1 Ne6 30. Bf3 Rd8 31. Rxd8 Ncxd8 32. b4 g6 33. Ng3 f6 34. Bd5 Kg7 35. Ne4 Nc7 36. Bb3 Qe7 37. Nc5 b6 38. Nd3 Qd6 39. Nf4 Nde6 40.
Ne2 Qd3 41. Qa2 Qd6 42. Qc2 Kf8 43. Ng3 Ke7 44. h4 Qe5 45.
h5 f5 46. Qc6 gxh5 47. Bc2 f4 48. Nf5+ Kf6 49. Qd7 Qa1+ 50. Kh2 fxe3 51. Qe7+ Ke5 52. Nxe3 b5 53. a4 Qd4 54. axb5 axb5 55. Bxh7 Qf4+ 56. Kg1 Nd5 57. Nxd5 Kxd5 58. Qd7+ Ke5 59. Qxb5+ Kf6 60. Bd3 h4 61. Qc4 Nd4 62. Qa6+ Ke7 63. Qa7+ Kd8 64. Qb6+ Ke7 65. Qb7+ Kd8 66. Qe4 Qf6 67. Qg4 Kc7 68. Qg8 Qe5 69. Qh7+ Kb8 70. Qxh4 Qe1+ 71. Kh2 Qxb4 72. Qd8+ Ka7 73. Qc7+ Qb7 74. Qa5+ Kb8 75. Qd8+ 1-0

[Event "44th Chess Olympiad Open 2022"]
[Site "Chennai"]
[Date "2022.08.08"]
[Round "10.35"]
[White "Xie, Felix"]
[Black "Stoyanov, Tsvetan"]
[Result "0-1"]
[WhiteElo "2224"]
[BlackElo "2450"]
[Annotator "RC"]
[PlyCount "72"]
[EventDate "2022.??.??"]
[TimeControl "60"]

1. d4 d5 2. c4 e6 3. Nf3 Nf6 4. g3 Be7 5. Bg2 O-O 6. O-O c6 7. Nbd2 b6 8. Qc2 Bb7 9. e4 Na6 10. e5 Nd7 11. b3 Rc8 12. Bb2 c5 13. a3 Qc7 14. cxd5 Bxd5 15. Rfc1 Qb7 16. Qd3 b5 17. dxc5 Naxc5 18. Qe3 a5 19. Ne1 Rfd8 20. Rc2 Nb6 21. Rac1 Bxg2 22. Nxg2 Nd3 23. Rxc8 Nxc8 24. Rc2 Nxb2 25. Rxb2 Bxa3 26. Ra2 Bb4 27. Nf4 Ne7 28. Nh5 h6 29. Ne4 Rd1+ 30. Kg2 Re1 31. Re2 Nd5 32. Qf3 Rxe2 33. Nef6+ gxf6 34. Qg4+ Kf8 35. Qg7+ Ke7 36. exf6+ Nxf6+ 0-1

[Event "44th Chess Olympiad Open 2022"]
[Site "Chennai"]
[Date "2022.08.08"]
[Round "10.35"]
[White "Stark, John"]
[Black "Georgiev, Todor"]
[Result "1/2-1/2"]
[WhiteElo "2028"]
[BlackElo "2272"]
[Annotator "NA RC"]
[PlyCount "64"]
[EventDate "2022.??.??"]
[TimeControl "60"]

1. d4 g6 2. c4 Bg7 3. Nc3 d6 4. e4 e5 5. Nf3 Bg4 6. dxe5 Bxf3 7. Qxf3 dxe5 8.
h4 Nc6 9. Bd3 Nd4 10. Qh3 Ne6 11. O-O c6 12. Rd1 Qe7 13. Be3 Bh6 14. Nd5 cxd5 15. cxd5 Nf4 16. Bxf4 Bxf4 17. Bb5+ Kf8 18. d6 Qd8 19. Qc3 Rc8 20. Qa3 Kg7 21. d7 Rc7 22. g3 Bh6 23. Qd6 Nf6 24. Qxe5 a6 25.
g4 Bf4 26. Qxf4 axb5 27. Qe5 Rxd7 28. Rxd7 Qxd7 29. g5 Qg4+ 30. Kf1 Qf3 31. gxf6+ Qxf6 32. Qxf6+ Kxf6 1/2-1/2

[Event "44th Chess Olympiad Open 2022"]
[Site "Chennai"]
[Date "2022.08.08"]
[Round "10.36"]
[White "Reimanis, Ritvars"]
[Black "Brahami, Lamine"]
[Result "1/2-1/2"]
[WhiteElo "2377"]
[BlackElo "2189"]
[Annotator "RC"]
[PlyCount "41"]
[EventDate "2022.??.??"]
[TimeControl "60"]

1. d4 Nf6 2. c4 g6 3. Nc3 Bg7 4. e4 d6 5. Be2 O-O 6. Nf3 e5 7. O-O exd4 8.
Nxd4 Re8 9. f3 c6 10. Nc2 Na6 11. Be3 Nh5 12. g4 Be5 13. gxh5 Bxh2+ 14. Kxh2 Qh4+ 15. Kg1 Qg3+ 16. Kh1 Qh4+ 17. Kg1 Qg3+ 18. Kh1 Qh4+ 19. Kg1 Qg3+ 20. Kh1 Qh4+ 21. Kg1 1/2-1/2

[Event "44th Chess Olympiad Open 2022"]
[Site "Chennai"]
[Date "2022.08.08"]
[Round "10.36"]
[White "Nassr, Ali"]
[Black "Kantans, Toms"]
[Result "0-1"]
[WhiteElo "2263"]
[BlackElo "2486"]
[Annotator "RC"]
[PlyCount "132"]
[EventDate "2022.??.??"]
[TimeControl "60"]

1. d4 Nf6 2. Bf4 g6 3. Nf3 Bg7 4. e3 d6 5. h3 O-O 6. Be2 c5 7. c3 cxd4 8. exd4 Qb6 9. Qb3 Qc7 10. O-O Nc6 11. Nbd2 e5 12. dxe5 dxe5 13. Bh2 Be6 14. Qa4 a6 15. Ne4 Nxe4 16. Qxe4 f5 17. Qc2 Bf6 18. Rfe1 Rac8 19. Qa4 Qf7 20. Nd2 Rfd8 21. Rad1 e4 22. Bc4 Bxc4 23. Qxc4 b5 24. Qxf7+ Kxf7 25. Bf4 g5 26. Bh2 b4 27. Nc4 bxc3 28. bxc3 Bxc3 29. Rf1 Bb4 30. Rb1 f4 31. g3 Rd3 32. gxf4 gxf4 33. Bxf4 Rxh3 34. Bg3 Rh6 35. Rfc1 Rg8 36. Kg2 Re6 37. a3 Be7 38. Rb6 Nd4 39. Rxe6 Nxe6 40. Ne5+ Kf6 41. Nd7+ Kf5 42. Rc6 a5 43. Ra6 Bd8 44. Rc6 Bc7 45. Nc5 Bxg3 46. fxg3 Nf4+ 47. Kf2 e3+ 48. Kxe3 Rxg3+ 49. Kd2 h5 50. Rh6 Rxa3 51. Ke1 Rc3 52. Na4 Rc4 53. Nb2 Rb4 54. Nd1 a4 55. Ra6 h4 56. Kf2 Nd5 57. Ra5 Ke4 58.
Ra8 h3 59. Kg3 Rb3+ 60. Kh2 Nb6 61. Re8+ Kd4 62. Rd8+ Kc4 63. Re8 a3 64. Re2 Nd5 65. Rc2+ Kb4 66. Rd2 Ne3 0-1

[Event "44th Chess Olympiad Open 2022"]
[Site "Chennai"]
[Date "2022.08.08"]
[Round "10.36"]
[White "Djabri, Massinas"]
[Black "Golubovskis, Maksims"]
[Result "1-0"]
[WhiteElo "2206"]
[BlackElo "2219"]
[Annotator "RC"]
[PlyCount "113"]
[EventDate "2022.??.??"]
[TimeControl "60"]

1. d4 Nf6 2. c4 e6 3. Nf3 b6 4. g3 Ba6 5. Qa4 c5 6. d5 exd5 7. cxd5 b5 8. Qd1 Bb7 9. Bg5 h6 10. Bxf6 Qxf6 11. Qd2 Be7 12. Nc3 b4 13. Nd1 O-O 14. Ne3 d6 15. Bh3 Bc8 16. Bxc8 Rxc8 17. Nc4 Nd7 18. O-O Bf8 19. Qd3 g6 20. a4 Bg7 21. a5 Qe7 22. e4 Re8 23. Rae1 Rac8 24. Kg2 g5 25.
h3 Kh8 26. e5 dxe5 27. Nfd2 Nf6 28. Ne4 Nxe4 29. Qxe4 Qd7 30. g4 Rcd8 31. Rd1 f5 32. gxf5 b3 33. d6 Rf8 34. Nxe5 Bxe5 35. Qxe5+ Kh7 36. Rd5 Rde8 37. Qg3 Rxf5 38. Qd3 Kg6 39. Rc1 Kf6 40. Rcxc5 Rxd5 41. Qxd5 Qe6 42. Qd4+ Kg6 43. Rc7 Rd8 44. d7 a6 45. Kh2 Qf6 46. Qe4+ Kg7 47. Kg2 Qf7 48. Qe5+ Qf6 49. Qe8 Qf8 50. Rc8 Qf5 51. Rxd8 Qd5+ 52. f3 Qd2+ 53. Kf1 Qd1+ 54. Kf2 Qd2+ 55. Qe2 Qxa5 56. Rc8 Qb6+ 57. Qe3 1-0

[Event "44th Chess Olympiad Open 2022"]
[Site "Chennai"]
[Date "2022.08.08"]
[Round "10.36"]
[White "Ungurs, Edgars"]
[Black "Araoun, Saadi"]
[Result "1-0"]
[WhiteElo "2206"]
[BlackElo "2049"]
[Annotator "NA RC"]
[PlyCount "69"]
[EventDate "2022.??.??"]
[TimeControl "60"]

1. e4 c6 2. d4 d5 3. exd5 cxd5 4. Bd3 Nc6 5. c3 Nf6 6. h3 e5 7. dxe5 Nxe5 8. Nf3 Nxd3+ 9. Qxd3 Bd6 10. O-O O-O 11. Be3 Re8 12. Rd1 Bc7 13. Na3 a6 14. Nc2 Be6 15. Bd4 Qd7 16. Bxf6 gxf6 17. Ne3 Rad8 18. Qd4 Kg7 19. Rd2 Qd6 20. Qh4 Qf4 21. Rd4 Qxh4 22. Rxh4 Rd7 23. Rd1 Red8 24. Nd4 Bb6 25. Rd3 Rc7 26. Nec2 Bc8 27. Rg3+ Kh8 28. Rf4 Rd6 29. Ne3 Re7 30. Kf1 Re4 31. Nef5 Bxf5 32. Nxf5 Rd8 33. Nh6 Rf8 34. Rxf6 Re6 35. Nxf7+ 1-0

[Event "44th Chess Olympiad Open 2022"]
[Site "Chennai"]
[Date "2022.08.08"]
[Round "10.37"]
[White "Rahman, Ziaur"]
[Black "Laohawirapap, Prin"]
[Result "1-0"]
[WhiteElo "2424"]
[BlackElo "2230"]
[Annotator "RC"]
[PlyCount "99"]
[EventDate "2022.??.??"]
[TimeControl "60"]

1. Nf3 Nf6 2. b3 g6 3. Bb2 Bg7 4. g3 O-O 5. Bg2 c5 6. c4 d6 7. O-O e5 8. Nc3 Nc6 9. d3 h6 10. Nd2 Be6 11. a3 d5 12. cxd5 Nxd5 13.
Rc1 Nxc3 14. Bxc3 Bd5 15. b4 cxb4 16. axb4 Bxg2 17. Kxg2 Qd5+ 18. f3 Rfc8 19. Qa4 Nd4 20. Bxd4 Qxd4 21. Nc4 a6 22. Qa5 b5 23. Nb6 Rxc1 24. Rxc1 Rb8 25. Nc8 Qd7 26. Rc7 Qe6 27. Rc6 Qd7 28. Qxa6 Bf8 29. Nd6 Bxd6 30. Rxd6 Qc7 31. Rc6 Qd7 32. Rc5 Qd4 33. Rxb5 Rxb5 34. Qxb5 Qb2 35. d4 Qxd4 36. Qc5 Qb2 37. Kf2 Qa1 38. Kg2 Qb2 39. Qc4 h5 40. h4 Kg7 41. b5 f5 42. Kf2 f4 43.
gxf4 exf4 44. Qc7+ Kg8 45. Qd8+ Kh7 46. b6 Qb4 47. Qc7+ Kh6 48.
b7 Qd4+ 49. Kg2 Qe3 50. Kf1 1-0

[Event "44th Chess Olympiad Open 2022"]
[Site "Chennai"]
[Date "2022.08.08"]
[Round "10.37"]
[White "Kulpruethanon, Thanadon"]
[Black "Hossain, Enamul"]
[Result "1/2-1/2"]
[WhiteElo "2294"]
[BlackElo "2377"]
[Annotator "RC"]
[PlyCount "27"]
[EventDate "2022.??.??"]
[TimeControl "60"]

1. d4 d5 2. c4 c6 3. cxd5 cxd5 4. Nc3 Nf6 5. Bf4 Nc6 6. e3 a6 7. Be2 Bf5 8. Nf3 e6 9. Qb3 Nh5 10. Be5 Na5 11. Qa4+ Nc6 12. Qb3 Na5 13. Qa4+ Nc6 14. Qb3 1/2-1/2

[Event "44th Chess Olympiad Open 2022"]
[Site "Chennai"]
[Date "2022.08.08"]
[Round "10.37"]
[White "Mehdi Hasan Parag"]
[Black "Jingjang, Shin"]
[Result "1-0"]
[WhiteElo "2227"]
[BlackElo "1956"]
[Annotator "NA RC"]
[PlyCount "61"]
[EventDate "2022.??.??"]
[TimeControl "60"]

1. e4 e6 2. d4 d5 3. e5 c5 4. c3 Nc6 5. Nf3 Qb6 6. Be2 Nh6 7. Bxh6 Qxb2 8.
Bxg7 Bxg7 9. Nbd2 Qxc3 10. Rc1 Qa3 11. O-O c4 12. Bxc4 dxc4 13.
Nxc4 Qe7 14. Nd6+ Kf8 15. Nd2 Bh6 16. Rc3 Rg8 17. N2e4 Rg6 18.
Qh5 Bg7 19. Rfc1 Rb8 20. Rf3 Nd8 21. Nxc8 Qd7 22. Ncd6 Rh6 23. Qg4 Rg6 24. Qh4 Kg8 25. Rg3 Nc6 26. Ng5 Rh6 27. Qf4 Rf8 28. h4 f6 29. Nxe6 Qxe6 30. Qxh6 Qe7 31. Nf5 1-0

[Event "44th Chess Olympiad Open 2022"]
[Site "Chennai"]
[Date "2022.08.08"]
[Round "10.37"]
[White "Arunnuntapanich, Tinnakrit"]
[Black "Zia, Tahsin Tajwar"]
[Result "0-1"]
[WhiteElo "2117"]
[BlackElo "2307"]
[Annotator "RC"]
[PlyCount "104"]
[EventDate "2022.??.??"]
[TimeControl "60"]

1. d4 Nf6 2. c4 e6 3. Nf3 d5 4. Nc3 c6 5. cxd5 exd5 6. Bg5 h6 7. Bh4 Be7 8. Qc2 O-O 9. e3 Re8 10. Bd3 Ne4 11. Bxe7 Qxe7 12. O-O Nd7 13. Rae1 Ndf6 14. Ne5 Nxc3 15. bxc3 c5 16. Qb2 c4 17. Bc2 Qc7 18. f3 Rb8 19. a4 a6 20. Rb1 Nd7 21. Nxd7 Bxd7 22. e4 b5 23. axb5 axb5 24. e5 Re6 25. Qa3 Qc8 26. Bf5 Ra6 27. Bxd7 Rxa3 28. Bxc8 Rxc8 29. Rfc1 Rb8 30. Rb2 Kf8 31. Kf2 Ke7 32. Ke2 h5 33. Kd2 Ke6 34. g3 b4 35. Rxb4 Rxb4 36. cxb4 Rxf3 37. Rb1 Rd3+ 38. Kc2 Rxd4 39. b5 Kd7 40. Rf1 Kc7 41. Rxf7+ Kb6 42. Rxg7 Kxb5 43. Rb7+ Kc6 44. Rh7 Re4 45. Rxh5 d4 46. Kd2 Re3 47. Rh6+ Kc5 48. Rh8 c3+ 49. Kd1 Kc4 50. Ra8 Kd3 51. Ra2 Rxe5 52. Rf2 c2+ 0-1

[Event "44th Chess Olympiad Open 2022"]
[Site "Chennai"]
[Date "2022.08.08"]
[Round "10.38"]
[White "Bastidas Rodriguez, Emilio"]
[Black "Al Hosani, Omran"]
[Result "0-1"]
[WhiteElo "2351"]
[BlackElo "2215"]
[Annotator "RC"]
[PlyCount "90"]
[EventDate "2022.??.??"]
[TimeControl "60"]

1. c4 Nf6 2. Nf3 e6 3. g3 d5 4. Bg2 Be7 5. O-O O-O 6. b3 c5 7. Bb2 Nc6 8. e3 b6 9. Qe2 Bb7 10. d3 Re8 11. Rd1 Qc7 12. Nc3 Rad8 13.
Rac1 Qb8 14. Ba1 d4 15. exd4 cxd4 16. Ne4 Nxe4 17. dxe4 e5 18. Ne1 a5 19. Rb1 Ba6 20. Bf1 Bf8 21. Bb2 Na7 22. Qd2 Bb7 23. Bg2 Qa8 24. Qe2 a4 25. Nd3 Nc6 26. Qe1 Qa5 27. Qxa5 bxa5 28. bxa4 Ba6 29. Bf1 Rb8 30. c5 Bc4 31. Nc1 Bxf1 32. Kxf1 Bxc5 33. Nb3 Bf8 34. Ra1 Rec8 35. Rdc1 f6 36. f4 Nb4 37. fxe5 fxe5 38. Ke2 Rxc1 39. Bxc1 d3+ 40. Kd2 Rc8 41. a3 Rc2+ 42. Ke3 Re2+ 43. Kf3 Nc2 44. Rb1 Re1 45. Rb2 Rxc1 0-1